 Dungeon Crawl Stone Soup version 0.32-a0-571-gec57dfcd37 (webtiles) character file.

Game seed: 14006257006918264767

26 KhanShotFirst the Ruffian (level 2, -5/23 HPs)
             Began as a Draconian Shapeshifter on Mar 1, 2024.
             Killed by nerve-wracking pain
             ... invoked by Jessica
              (10 damage)
             ... on level 2 of the Dungeon.
             The game lasted 00:02:16 (1092 turns).

KhanShotFirst the Ruffian (Draconian Shapeshifter)  Turns: 1092, Time: 00:02:17

Health: -5/23      AC:  4    Str: 16    XL:     2   Next: 89%
Magic:  2/2        EV: 12    Int: 10    God:
Gold:   66         SH:  0    Dex: 10    Spells: 1/1 levels left

rFire   . .          .
                       - Unarmed
rCold   . . .        (no shield)
rNeg    . . .        (body armour unavailable)
rPois   .            (helmet currently unavailable)
rElec   .            (cloak currently unavailable)
rCorr   .            (gloves currently unavailable)
SInv    .            (boots currently unavailable)
Will    .....        (no amulet)
Stlth   +            (no ring)
HPRegen 0.23/turn    (no ring)
MPRegen 0.08/turn

%: no passive effects
@: beast-form
A: beast (slay +1), AC +4, unfitting armour, cold-blooded
a: Begin Untransformation


You were on level 2 of the Dungeon.
You were a hulking beast.
You visited 1 branch of the dungeon, and saw 2 of its levels.

You collected 66 gold pieces.

Inventory:

Hand Weapons
 m - a +1 dagger of flaming
Jewellery
 f - a ring of ice
Talismans
 b - a beast talisman (active)
 c - a flux talisman
Scrolls
 e - a scroll of enchant armour {unknown}
 h - a scroll of blinking
 k - 2 scrolls of fear {unknown}
 n - a scroll of poison {unknown}
 o - a scroll of enchant weapon {unknown}
Potions
 a - a potion of lignification
 d - a potion of resistance {unknown}
 g - a potion of heal wounds {unknown}
 i - a potion of haste {unknown}
 j - a potion of might {unknown}
 l - a potion of attraction {unknown}
 p - a potion of brilliance {unknown}


   Skills:
 + Level 1.1 Fighting
 + Level 2.2 Dodging
 + Level 0.1 Stealth
 + Level 3.5 Unarmed Combat
 + Level 3.2 Shapeshifting


You had one spell level left.
You didn't know any spells.
Your spell library was empty.

Dungeon Overview and Level Annotations

Branches:
Dungeon (2/15)

Altars:

Annotations:
D:2 Jessica


Innate Abilities, Weirdness & Mutations

You are a hulking beast.
Your limbs bulge with bestial killing power. (Slay +1)
Your plain brown scales are hard. (AC +4)
You cannot fit into any form of body armour.
You are cold-blooded and may be slowed by cold attacks.


Message History

Found a beast talisman.
Found a viscous ruby potion.
Found a robe.
p - a viscous ruby potion You open the door.
A quokka comes into view.
The quokka bites you.
There is an open door here.
A quokka is nearby!
You hit the quokka.
Your tail-slap misses the quokka.
The quokka is moderately wounded.
The quokka closely misses you.
You hit the quokka.
You kill the quokka!
Jessica the Apprentice Sorceress comes into view.
She is wielding a +0 club and carrying a wand of warping.
Jessica shouts!
Jessica zaps a wand.
Space twists violently!
The rupture engulfs you!
Found a short sword.
Jessica casts a spell.
Jessica blinks!
Jessica hits you with a +0 club.
You hit Jessica.
Jessica is moderately wounded.
Jessica casts a spell.
Jessica blinks!
Unknown command.
Found an orange potion.
Jessica zaps a wand.
Space twists violently!
The rupture engulfs you!
* * * LOW HITPOINT WARNING * * *
Blink to where?
Press: ? - help, Dir - move target Blink to where?
Press: ? - help, Dir - move target Blink to where?
Press: ? - help, Dir - move target
As you read the scroll labelled WIOMYG TYELIEQ, it crumbles to dust.
It was a scroll of blinking.
Jessica points at you and mumbles some strange words.
Pain shoots through your body!
You die...

.#..#.#.##.........#
......[..'.........+
.#....#.##†........#
.######.##.........#
...#....########.###
...%.#......# #.#
####.#.####.# #.# ###
........# ###@#######....#
..#####.###.##..h...§......#
..#.....(...##.#...........#
..#.##....####.#............+
.)...#.#...... #......)...!##
..#..#.#...### #############
..#..#....... ..########....
..# #.... ..##### ....


You could see Jessica.

Vanquished Creatures
  An adder (D:2)
  A ribbon worm (D:2)
  An orc (D:2)
  An endoplasm (D:1)
  A giant cockroach (D:1)
  3 hobgoblins
  2 kobolds (D:1)
  A quokka (D:2)
  A frilled lizard (D:1)
12 creatures vanquished.

Notes
Turn   | Place    | Note
-------+----------+-------------------------------------------
     0 | D:1      | KhanShotFirst the Draconian Shapeshifter began the quest
                  | for the Orb.
     0 | D:1      | Reached XP level 1. HP: 16/16 MP: 1/1
   645 | D:1      | Reached XP level 2. HP: 23/23 MP: 2/2
  1077 | D:2      | Noticed Jessica
  1092 | D:2      | Killed from afar by Jessica

Illustrated notes

Levels and vault maps discovered:
D:1:      giann_forest_graveyard, layout_loops_corners
D:2:      layout_basic, dreamdust_ecumenical_altar_grove, uniq_jessica

Skill      XL: |  1  2 |
---------------+-------+-----
Dodging        | 2 |  2.2
Fighting       | |  1.1
Stealth        | |  0.1
Unarmed Combat | |  3.5
Shapeshifting  | |  3.2

Action                     || total
---------------------------++-------
  Melee: Unarmed           ||    36
         Tailslap          ||     4
    Use: Scroll            ||     1
 Armour: Skin              ||    16
  Dodge: Dodged            ||    11

Table legend: (Time is in decaauts)
 A = Elapsed time spent in this place.
 B = Non-inter-level travel time spent in this place.
 C = Inter-level travel time spent in this place.
 D = Time resting spent in this place.
 E = Time spent auto-exploring this place.
 F = Levels seen in this place.
 G = Mean time per level.
                   A        B        C        D        E       F      G
               +--------+--------+--------+--------+--------+-----+--------+
         Total |   1089 |   1032 |     57 |      0 |    918 |   2 |  544.5 |
       Dungeon |   1089 |   1032 |     57 |      0 |    918 |   2 |  544.5 |
               +--------+--------+--------+--------+--------+-----+--------+

Top non-repeatable levels by time:
     D:1: 968 daAuts
     D:2: 120 daAuts
